Map: Oxide LE

Players

Leo (LeoRusher) - Winner!

  • Race: Protoss Protoss
  • League: Grandmaster
  • Spawn Location: 1:00

MeomaikaFan (Peppy)

  • Race: Zerg Zerg
  • League: Grandmaster
  • Spawn Location: 7:00

Event: DreamHack SC2 Masters 2020 Winter

VOD

Have the link to the VOD?

Description

Time

  • Played on: Oct. 10, 2020, 12:32 a.m.
  • Length: 8:17

All games in this series

Show
View Real Time Build Order
Export as new Build Order

Leo Protoss - Winner!

Build Orders: 1 Gate Expand, Mass Adepts 

Get SALT Encoding   

  12  0:00  Probe  
  13  0:12  Probe  
  14  0:19  Pylon  
  14  0:24  Probe  
  15  0:37  Probe (Chrono Boost)  
  15  0:39  Gateway  
  16  0:46  Probe (Chrono Boost)  
  16  0:49  Assimilator  
  17  0:51  Probe (Chrono Boost)  
  18  1:04  Probe  
  19  1:16  Probe  
  20  1:22  Nexus  
  20  1:34  Cybernetics Core  
  20  1:35  Probe  
  21  1:45  Assimilator  
  21  1:47  Probe  
  21  1:49  Pylon  
  22  2:00  Probe (Chrono Boost)  
  23  2:07  Stalker (Chrono Boost)  
  23  2:11  Warp Gate  
  23  2:12  Probe (Chrono Boost)  
  26  2:21  Probe (Chrono Boost)  
  27  2:26  Twilight Council  
  22  2:30  Adept (Chrono Boost)  
  27  2:32  Probe  
  27  2:36  Probe  
  30  2:44  Probe  
  31  2:51  Robotics Facility  
  31  2:56  Probe  
  32  3:00  Gateway  
  32  3:01  Probe  
  33  3:05  Resonating Glaives (Chrono Boost)  
  34  3:13  Adept, Probe  
  34  3:15  Probe  
  37  3:26  Gateway  
  37  3:30  Gateway  
  37  3:36  Warp Prism (Chrono Boost)  
  39  3:45  Gateway  
  39  3:52  Gateway  
  40  3:55  Probe  
  40  3:59  Adept  
  40  4:00  Adept  
  44  4:05  Pylon  
  44  4:16  Pylon  
  44  4:21  Shield Battery  
  44  4:29  Adept x4  
  50  4:43  Pylon  
  50  4:45  Adept  
  52  4:48  Adept  
  52  4:49  Adept  
  52  4:50  Adept x2  
  60  4:54  Adept  
  62  5:10  Warp Prism (Chrono Boost)  
  46  5:43  Immortal (Chrono Boost)  
  42  5:52  Assimilator  
  42  5:54  Adept x6  
  52  5:57  Probe (Chrono Boost)  
  52  5:59  Probe (Chrono Boost)  
  54  6:04  Gateway  
  54  6:06  Immortal (Chrono Boost)  
  54  6:09  Probe (Chrono Boost)  
  60  6:15  Probe (Chrono Boost)  
  60  6:16  Probe (Chrono Boost)  
  61  6:21  Pylon  
  61  6:26  Pylon  
  61  6:30  Adept x4  
  69  6:41  Pylon  
  69  6:47  Adept x2  
  69  6:51  Adept x4  
  81  7:03  Adept x2  
  81  7:08  Adept  
  87  7:11  Adept x2  
  87  7:12  Adept  
  85  7:35  Adept x5  
  83  7:38  Zealot x2  
  81  7:59  Adept x5  
  81  8:00  Adept  
Show
View Real Time Build Order
Export as new Build Order

MeomaikaFan Zerg 

Build Orders: Hatch First 

Get SALT Encoding   

  12  0:00  Drone  
  13  0:13  Overlord  
  13  0:16  Drone  
  14  0:32  Drone x2  
  16  0:48  Hatchery  
  15  0:50  Drone  
  15  0:55  Drone  
  17  0:59  Drone  
  18  1:10  Extractor  
  17  1:13  Spawning Pool  
  17  1:16  Drone  
  17  1:19  Drone  
  18  1:28  Drone  
  19  1:39  Drone  
  20  1:50  Overlord  
  20  2:00  Queen x2  
  20  2:01  Zergling x4  
  26  2:10  Metabolic Boost  
  26  2:11  Drone  
  26  2:13  Drone  
  28  2:23  Drone  
  28  2:25  Drone  
  30  2:32  Drone  
  31  2:39  Drone, Hatchery  
  31  2:44  Overlord  
  32  2:51  Drone  
  32  2:55  Drone x2  
  34  3:04  Queen  
  36  3:07  Drone x2  
  36  3:09  Overlord  
  38  3:13  Zergling x4  
  38  3:18  Drone  
  41  3:20  Drone  
  41  3:25  Drone  
  43  3:30  Drone, Roach Warren  
  43  3:37  Drone  
  43  3:39  Queen  
  46  3:42  Spore Crawler  
  46  3:44  Drone x5  
  50  3:51  Overlord  
  50  4:03  Drone x3, Overlord  
  53  4:10  Zergling x4  
  53  4:12  Zergling x8  
  58  4:17  Zergling x6  
  59  4:24  Zergling x4  
  60  4:33  Spore Crawler  
  60  4:34  Spore Crawler  
  60  4:36  Roach x3  
  63  4:41  Roach x2  
  67  4:46  Roach  
  67  4:50  Roach  
  67  4:52  Roach  
  73  4:54  Overlord x3  
  73  5:06  Roach  
  73  5:07  Roach x2, Zergling x2  
  73  5:10  Roach  
  73  5:11  Roach x2  
  74  5:16  Zergling x2  
  74  5:17  Zergling x2  
  74  5:19  Zergling x4  
  74  5:24  Zergling x6  
  72  5:31  Zergling x2  
  71  5:36  Roach x2  
  73  5:48  Drone x4  
  71  5:50  Drone  
  71  5:54  Drone  
  73  5:58  Extractor  
  72  6:10  Roach x2, Zergling x4  
  78  6:14  Extractor  
  78  6:15  Drone x4  
  78  6:16  Overlord  
  81  6:23  Roach  
  85  6:25  Roach  
  85  6:27  Overlord x2  
  85  6:28  Overlord  
  85  6:30  Roach  
  87  6:34  Roach  
  87  6:36  Zergling x2  
  90  6:42  Evolution Chamber  
  89  6:47  Evolution Chamber  
  89  6:49  Evolution Chamber, Roach  
  89  6:50  Roach x2, Zergling x10  
  98  6:57  Drone x2  
  98  7:00  Overlord  
  100  7:04  Overlord  
  100  7:05  Drone x2  
  102  7:08  Ravager  
  102  7:10  Zergling x4  
  104  7:16  Ravager  
  104  7:17  Zergling x8  
  104  7:21  Zergling x2  
  99  7:28  Roach x3  
  99  7:29  Zergling x2  
  87  7:34  Roach x2  
  87  7:35  Zergling x6  
  84  7:40  Roach x2  
  84  7:43  Roach  
  76  7:45  Roach, Zergling x2  
  74  7:54  Roach x2  
  71  8:03  Ravager  
Tags
 
Add a new tag
Caveats
  • Supply blocks, unpowered buildings, or Contaminate may cause inaccurate times.
  • Supply counts are checked every 10 seconds.